 Dungeon Crawl Stone Soup version 0.19-a0-1457-g32fba05 (webtiles) character file.

193 LORDOFBUTT the Shield-Bearer (level 6, -8/48 HPs)
             Began as a Formicid Fighter on Sept 6, 2016.
             Killed by divine providence
             ... invoked by an orc priest
              (11 damage)
             ... on level 3 of the Dungeon.
             The game lasted 00:04:53 (2630 turns).

LORDOFBUTT the Shield-Bearer (Formicid Fighter)     Turns: 2630, Time: 00:04:53

Health: -8/48      AC:  7    Str: 21    XL:     6   Next: 3%
Magic:  6/6        EV:  9    Int:  7    God:
Gold:   137        SH: 11    Dex: 12    Spells: 0 memorised, 5 levels left

rFire  . . .     SeeInvis +     a - +1 flail
rCold  . . .     Gourm    .     b - +0 scale mail
rNeg   . . .     Faith    .     c - +1 shield
rPois  .         Spirit   .     (helmet unavailable)
rElec  .         Dismiss  .     (no cloak)
rCorr  .         Reflect  .     (no gloves)
MR     .....     Harm     .     (no boots)
Stlth  ..........               (no amulet)
                                (no ring)
                                (no ring)

@: no status effects
A: permanent stasis, dig shafts and tunnels, four strong arms, antennae 3
a: Dig, Shaft Self


You were on level 3 of the Dungeon.
You were not hungry.

You visited 1 branch of the dungeon, and saw 3 of its levels.

You collected 137 gold pieces.

Inventory:

Hand Weapons
 a - a +1 flail (weapon)
Armour
 b - a +0 scale mail (worn)
 c - a +1 shield (worn)
Jewellery
 j - an uncursed amulet of guardian spirit {unknown}
 k - a cursed ring of loudness {unknown}
Wands
 v - a wand of enslavement (4/24)
Scrolls
 e - 2 scrolls of remove curse
 i - a scroll of enchant armour
Potions
 h - 2 potions of curing
 n - a potion of flight
Books
 u - a book of Spatial Translocations

   Spells                             Type                      Level
   a - Apportation                    Translocation                1
   b - Blink                          Translocation                2
   c - Shroud of Golubria             Charms/Translocation         2
   d - Portal Projectile              Translocation                3
   e - Teleport Other                 Translocation                3
   f - Passage of Golubria            Translocation                4
Comestibles
 f - 3 bread rations
 g - 2 fruits
 l - 3 meat rations


   Skills:
 + Level 3.7 Fighting
 + Level 2.2 Maces & Flails
 + Level 4.3 Armour
 + Level 2.5 Dodging
 + Level 5.1 Shields


You had 5 spell levels left.
You didn't know any spells.

Dungeon Overview and Level Annotations

Branches:
Dungeon (3/15)

Altars:
Cheibriados
Elyvilon


Innate Abilities, Weirdness & Mutations

You are under a permanent stasis effect.
You can dig through walls and to a lower floor.
Your four strong arms can wield two-handed weapons with a shield.
You have a pair of large antennae on your head. (SInv)


Message History

The orc is severely wounded.
You block the orc's attack.
You hit the orc.
You kill the orc!
The orc priest invokes the aid of Beogh against you.
Beogh smites you!
* * * LOW HITPOINT WARNING * * *
You block the gnoll's attack.
You see here a stone.
The orc priest mumbles some strange prayers to Beogh against you.
Beogh smites you!
* * * LOW HITPOINT WARNING * * *
Things that are here:
a club; a hobgoblin skeleton
Okay, then.
Things that are here:
a club; a goblin corpse The orc priest mumbles some strange prayers to Beogh against you.
Beogh smites you!
You die...

.#.###.# #.#.# #.# #.#
.......#####.#.# #.# #####.#
.#.#.#.......#.# #.# #......
.....#..##.#.#.# #.# #..##..
.#.###..##.#.#.# #.# #..##.# ...#
#..##.#.#.#######.# #..##.#
.#.###.................####..##.#
........)o)o..g...........(......
.#.###...#.#.###@#####..........#
...###{..#.#.###.# #.#####..<..
.#..o{o.......##.#####.#######...
....##...#.#..##.................
.................................
....##...###..##.########.####...
...>.............................
.........####.##.########.####...
....####.# #.##.# #.####...


You could see an orc priest, a gnoll and an orc.

Vanquished Creatures
  An orc priest (D:3)
  3 gnolls (D:2)
  4 adders
  4 worms
  2 dart slugs (D:2)
  2 giant geckos (D:2)
  5 orcs (D:3)
  2 ball pythons
  9 bats
  4 giant cockroaches
  6 goblins
  8 hobgoblins
  7 jackals
  7 kobolds
  A giant newt (D:2)
  9 rats
74 creatures vanquished.

Notes
Turn   | Place    | Note
-------+----------+-------------------------------------------
     0 | D:1      | LORDOFBUTT the Formicid Fighter began the quest for the Orb.
     0 | D:1      | Reached XP level 1. HP: 18/18 MP: 1/1
   128 | D:1      | Reached XP level 2. HP: 24/24 MP: 2/2
   226 | D:1      | Reached skill level 4 in Shields
   702 | D:2      | Reached XP level 3. HP: 19/29 MP: 3/3
   706 | D:2      | Reached skill level 1 in Dodging
   747 | D:2      | Reached XP level 4. HP: 22/35 MP: 4/4
   857 | D:2      | Found a faded altar of an unknown god.
  1515 | D:3      | Reached XP level 5. HP: 28/41 MP: 5/5
  2036 | D:3      | Reached skill level 5 in Shields
  2404 | D:3      | Found a white marble altar of Elyvilon.
  2451 | D:3      | Reached XP level 6. HP: 47/47 MP: 6/6
  2556 | D:3      | Found a snail-covered altar of Cheibriados.
  2618 | D:3      | HP: 1/48 [orc priest/divine providence (8)]
  2630 | D:3      | Killed from afar by an orc priest

Vault maps used:
D:1:      minmay_arrival_cross
D:2:      ecumenical_altar_2, first_bread
D:3:      elyvilon_altar_5, cheibriados_altar_wand_db

Skill      XL: |  1  2  3  4  5 |
---------------+----------------+-----
Shields        | 4 5 |  5.1
Dodging        | 1 2 |  2.5
Armour         | 4 |  4.3
Fighting       | |  3.7
Maces & Flails | |  2.2

Action                   |  1- 3 |  4- 6 || total
-------------------------+-------+-------++-------
Melee: Flail             |    70 |   231 ||   301
  Use: Potion            |     1 |     3 ||     4
       Scroll            |       |    12 ||    12
  Eat: Chunk             |       |     4 ||     4
       Fruit             |       |     1 ||     1
       Beef jerky        |       |     1 ||     1
Armor: Scale mail        |    46 |   126 ||   172
       Skin              |       |    16 ||    16
Dodge: Dodged            |    35 |   121 ||   156
Block: Shield            |    52 |   196 ||   248
